 Dungeon Crawl Stone Soup version 0.31-a0-986-g5e6e4ef867 (webtiles) character file.

Game seed: 305345266478369167

88 Xavori the Trooper (level 4, 35/35 HPs)
             Began as a Djinni Chaos Knight on Nov 3, 2023.
             Was a Plaything of Xom.
             Quit the game on level 1 of the Abyss.
             The game lasted 00:02:46 (6936 turns).

Xavori the Trooper (Djinni Chaos Knight)            Turns: 6936, Time: 00:02:47

Health: 35/35      AC:  5    Str: 18    XL:     4   Next: 82%
Gold:   154        EV: 12    Int: 15    God:    Xom [.*....] SH:  0 Dex: 12

rFire   + + +        a - +0 falchion (chaos)
rCold   x . .        (no shield)
rNeg    . . .        b - +2 leather armour
rPois   ∞            (helmet restricted)
rElec   .            (no cloak)
rCorr   .            (no gloves)
SInv    .            (boots unavailable)
Will    .....        (no amulet)
Stlth   +            (no ring)
HPRegen 0.25/turn    (no ring)
MPRegen 0.00/turn

%: no passive effects
@: flying
A: sickness immunity, fire resistance 3, cold vulnerability 1, float, innate
caster, HP casting, extra vitality 1, fangs 1, horns 1, clever 1, screaming 1,
strong 2, no potion heal 1, MP-powered wands, devolution 1
a: Renounce Religion


You were on level 1 of the Abyss.
You worshipped Xom.
You were a plaything of Xom.
You visited 1 branch of the dungeon, and saw 2 of its levels.
You visited the Abyss 1 time.

You collected 154 gold pieces.

Inventory:

Hand Weapons
 a - a +0 falchion of chaos (weapon)
Missiles
 i - a throwing net
Armour
 b - a +2 leather armour (worn)
Wands
 h - a wand of iceblast (8)
Scrolls
 c - a scroll of butterflies
 d - 2 scrolls of amnesia {unknown}
 e - a scroll of vulnerability {unknown}
 f - a scroll of silence {unknown}
 j - 3 scrolls of identify {unknown}
 k - a scroll of noise {unknown}
 m - a scroll of enchant armour {unknown}
Potions
 g - 3 potions of mutation {unknown}
 l - a potion of brilliance {unknown}


   Skills:
 + Level 3.4 Fighting
 + Level 3.1 Long Blades
 + Level 1.8 Armour
 + Level 2.8 Dodging
 * Level 1.2 Spellcasting
 * Level 1.2 Conjurations
 * Level 1.2 Hexes
   Level 0.0 Charms
 * Level 1.2 Summonings
 * Level 1.2 Necromancy
 * Level 1.2 Translocations
 * Level 1.2 Transmutations
 * Level 1.2 Fire Magic
 * Level 1.2 Ice Magic
 * Level 1.2 Air Magic
 * Level 1.2 Earth Magic
 * Level 1.2 Poison Magic


You knew the following spells:

 Your Spells              Type           Power      Damage    Failure   Level
a - Foxfire               Conj/Fire      16%        2x1d4     17%         1
Your spell library was empty.

Dungeon Overview and Level Annotations

Branches:
Dungeon (2/15)

Altars:
Xom

Annotations:
D:2 Crazy Yiuf
Abyss:1 2 transporters


Innate Abilities, Weirdness & Mutations

You are immune to sickness and miasma.
You are immune to poison.
Your flesh is almost immune to the effects of heat. (rF+++)
You are vulnerable to cold. (rC-)
You float through the air rather than walking.
You learn spells naturally, not from books.
Your magical power is your life essence.
You have superior vitality. (+4 MHP)
You have very sharp teeth.
You have a pair of small horns on your head.
Your mind is acute. (Int +4, Str/Dex -1)
You occasionally shout uncontrollably at your foes.
Your muscles are very strong. (Str +8, Int/Dex -2)
Potions are less effective at restoring your health.
You expend health (3 HP) to strengthen your wands.
You have hidden genetic defects.


Message History

No target in view!
Found a hammer.
Crazy Yiuf shouts!
You see here a +0 heavy hammer.
You see here a +0 hammer.
Found two hammers and a runed hammer.
You see here a +0 hammer.
You reach down and open the door.
You hit Crazy Yiuf.
Crazy Yiuf resists with some effort.
Crazy Yiuf is lightly wounded.
Crazy Yiuf hits you with a +2 quarterstaff of chaos.
You closely miss Crazy Yiuf. You bite Crazy Yiuf, but do no damage.
Crazy Yiuf is lightly wounded.
Xom guffaws.
A four-headed hydra appears.
Crazy Yiuf closely misses you.
You barely miss Crazy Yiuf.
Crazy Yiuf is lightly wounded.
Crazy Yiuf hits you with a +2 quarterstaff of chaos.
You are cast into the Abyss!
This branch contains the abyssal rune of Zot.
Xom thinks this is hilarious!
There is an open translucent door here.
HP restored.
Found a corrupted altar of Lugonu.
Found a transporter.
A fire dragon skeleton comes into view.
Found a brightly glowing tin amulet.
The golden eye turns its gaze towards you.
The golden eye pulsates ominously.
Found 17 gold pieces and a wavering marble ring.
Found a corrupted altar of Lugonu.
The tarantella's many legs skitter faintly.
The lindwurm roars!
The slime creature quivers.
You hear a roar!
You hear a bark!
The tarantella changes into a polar bear!
The slime creature changes into a fire dragon!
The thrashing horror roars!
Found a transporter.
Are you sure you want to abandon this character and quit the game? (Confirm with "yes".)

... .##.._.*# ....
#..hX ##
.#.###.k*X*..## . #
###.hX###...### .#
.##...G ©##...©# ##..#
#.#=$.##...##.".# .....
..##.D##...
#x.###..§#§. .#.
###.....####..#.§...
##.......###....@.....#
.#..# .#.#...##...## ..
##.###.#.###.# ### . #
#...##.#. .# ##....#.#
#... .##.# .... .....##
....# . .#Z#. ##..
####. ...


There were no monsters in sight!

Vanquished Creatures
  Jessica (D:2)
  An adder (D:2)
  3 worms (D:2)
  A dart slug (D:2)
  3 ball pythons
  5 bats
  5 endoplasms
  3 giant cockroaches
  A goblin (D:1)
  8 hobgoblins
  A quokka (D:1)
  4 frilled lizards
  2 kobolds (D:1)
  2 rats
40 creatures vanquished.

Notes
Turn   | Place    | Note
-------+----------+-------------------------------------------
     0 | D:1      | Xavori the Djinni Chaos Knight began the quest for the Orb.
     0 | D:1      | Reached XP level 1. HP: 20/20 MP: 0/0
   207 | D:1      | Reached XP level 2. HP: 25/25 MP: 0/0
   282 | D:1      | XOM: divination: detect items
   366 | D:1      | Reached XP level 3. HP: 30/30 MP: 0/0
   366 | D:1      | Learned a level 1 spell: Foxfire
  1092 | D:2      | XOM: 3-stop teleportation journey
  1397 | D:1      | XOM: summons 3 hostile shadow creatures
  1406 | D:2      | Reached skill level 1 in Spellcasting
  1406 | D:2      | Reached skill level 1 in Conjurations
  1406 | D:2      | Reached skill level 1 in Hexes
  1406 | D:2      | Reached skill level 1 in Summonings
  1406 | D:2      | Reached skill level 1 in Necromancy
  1406 | D:2      | Reached skill level 1 in Translocations
  1406 | D:2      | Reached skill level 1 in Transmutations
  1406 | D:2      | Reached skill level 1 in Fire Magic
  1406 | D:2      | Reached skill level 1 in Ice Magic
  1406 | D:2      | Reached skill level 1 in Air Magic
  1406 | D:2      | Reached skill level 1 in Earth Magic
  1406 | D:2      | Reached skill level 1 in Poison Magic
  1788 | D:2      | Reached XP level 4. HP: 9/35 MP: 0/0
  2461 | D:1      | XOM: summons 1 hostile demon
  2462 | D:1      | Noticed a red devil
  3347 | D:1      | XOM: give mutations
  3347 | D:1      | Gained mutation: You occasionally lose the ability to drink
                  | potions when taking damage. [Xom's mischief]
  3347 | D:1      | Gained mutation: Your mind is acute. (Int +4, Str/Dex -1)
                  | [Xom's mischief]
  3562 | D:1      | XOM: give mutation
  3562 | D:1      | Gained mutation: You sometimes lose your temper in combat.
                  | [Xom's mischief]
  3913 | D:1      | XOM: silly message
  4439 | D:1      | XOM is BORED!
  4439 | D:1      | XOM: give mutations
  4439 | D:1      | Gained mutation: Potions are less effective at restoring
                  | your health. [Xom's mischief]
  4439 | D:1      | Gained mutation: You have hidden genetic defects. [Xom's
                  | mischief]
  5183 | D:1      | XOM: god gift: 43 gold pieces
  5220 | D:1      | XOM: god gift: throwing net
  5253 | D:1      | XOM: give mutations
  5253 | D:1      | Lost mutation: You sometimes lose your temper in combat.
                  | [Xom's grace]
  5253 | D:1      | Gained mutation: You have a pair of small horns on your
                  | head. [Xom's grace]
  5253 | D:1      | Gained mutation: You have sharp fingernails. [Xom's grace]
  5253 | D:1      | Gained mutation: You expend health (3 HP) to strengthen
                  | your wands. [Xom's grace]
  5536 | D:1      | XOM: god gift: robe {god gift}
  5748 | D:1      | XOM: give mutations
  5748 | D:1      | Gained mutation: Your muscles are strong. (Str +4, Int/Dex
                  | -1) [Xom's grace]
  5748 | D:1      | Gained mutation: Your flesh is almost immune to the effects
                  | of heat. (rF+++) [Xom's grace]
  5748 | D:1      | Gained mutation: You have very sharp teeth. [Xom's grace]
  6056 | D:1      | XOM: divination: detect items
  6237 | D:1      | XOM: give mutations
  6237 | D:1      | Lost mutation: You have sharp fingernails. [Xom's mischief]
  6237 | D:1      | Lost mutation: You occasionally lose the ability to drink
                  | potions when taking damage. [Xom's mischief]
  6237 | D:1      | Gained mutation: Your muscles are very strong. (Str +8,
                  | Int/Dex -2) [Xom's mischief]
  6508 | D:2      | Found a shimmering altar of Xom.
  6596 | D:2      | Noticed Jessica
  6607 | D:2      | Killed Jessica
  6623 | D:2      | Gained mutation: You occasionally shout uncontrollably at
                  | your foes. [hidden defects]
  6705 | D:2      | Found a faded altar of an unknown god.
  6706 | D:2      | Noticed a shining eye
  6708 | D:2      | Noticed a golden eye
  6708 | D:2      | Noticed a great orb of eyes
  6708 | D:2      | Noticed a glass eye
  6850 | D:2      | Found a runed translucent door.
  6851 | D:2      | Noticed Crazy Yiuf
  6856 | D:2      | XOM: cast spell 'Summon Hydra'
  6857 | Abyss:1  | Cast into level 1 of the Abyss (Crazy Yiuf)
  6889 | Abyss:1  | Found a corrupted altar of Lugonu.
  6917 | Abyss:1  | Found a transporter.
  6917 | Abyss:1  | Noticed a wretched star
  6918 | Abyss:1  | Noticed a golden eye
  6926 | Abyss:1  | Noticed a small abomination
  6927 | Abyss:1  | Found a corrupted altar of Lugonu.
  6927 | Abyss:1  | Noticed a tarantella
  6927 | Abyss:1  | Noticed a tentacled starspawn
  6927 | Abyss:1  | Noticed a lindwurm
  6927 | Abyss:1  | Noticed a slime creature
  6927 | Abyss:1  | a tarantella changed into a polar bear
  6927 | Abyss:1  | Noticed a polar bear (shapeshifter)
  6927 | Abyss:1  | a slime creature changed into a fire dragon
  6927 | Abyss:1  | Noticed a fire dragon (glowing shapeshifter)
  6927 | Abyss:1  | Noticed a thrashing horror
  6927 | Abyss:1  | Noticed a wretched star
  6927 | Abyss:1  | Noticed a tentacled starspawn
  6929 | Abyss:1  | Noticed a raiju
  6929 | Abyss:1  | Found a transporter.
  6929 | Abyss:1  | Noticed a wretched star
  6929 | Abyss:1  | Noticed a tentacled starspawn
  6936 | Abyss:1  | Quit the game

Illustrated notes

Levels and vault maps discovered:
D:1:      dpeg_arrival_round_a, layout_basic, st_stairs_6
D:2:      layout_rooms, hellmonk_ecumenical_altar_watching_god, basic_altar,
          dk_vineyard_1, uniq_jessica, uniq_crazy_yiuf_cottage
Abyss:1:  base: D:1, gammafunk_corrupted_shrine

Skill      XL: |  1  2  3 |
---------------+----------+-----
Long Blades    | 3 |  3.1
Spellcasting   | 1 |  1.2
Conjurations   | 1 |  1.2
Hexes          | 1 |  1.2
Summonings     | 1 |  1.2
Necromancy     | 1 |  1.2
Translocations | 1 |  1.2
Transmutations | 1 |  1.2
Fire Magic     | 1 |  1.2
Ice Magic      | 1 |  1.2
Air Magic      | 1 |  1.2
Earth Magic    | 1 |  1.2
Poison Magic   | 1 |  1.2
Fighting       | |  3.4
Armour         | |  1.8
Dodging        | |  2.8

Action                     |  1- 3 |  4- 6 || total
---------------------------+-------+-------++-------
  Melee: Falchion          |    98 |    36 ||   134
         Punch             |     4 |       ||     4
         Headbutt          |       |     6 ||     6
         Bite              |       |     5 ||     5
 Armour: Leather armour    |    52 |    23 ||    75
  Dodge: Dodged            |    82 |    16 ||    98

Table legend: (Time is in decaauts)
 A = Elapsed time spent in this place.
 B = Non-inter-level travel time spent in this place.
 C = Inter-level travel time spent in this place.
 D = Time resting spent in this place.
 E = Time spent auto-exploring this place.
 F = Levels seen in this place.
 G = Mean time per level.
                   A        B        C        D        E       F      G
               +--------+--------+--------+--------+--------+-----+--------+
         Total |   6961 |   6882 |     79 |   5237 |   1286 |   3 | 2320.3 |
       Dungeon |   6882 |   6803 |     79 |   5237 |   1225 |   2 | 3441.0 |
         Abyss |     78 |     78 |      0 |      0 |     61 |   1 |   78.0 |
               +--------+--------+--------+--------+--------+-----+--------+

Top non-repeatable levels by time:
     D:1: 6016 daAuts
     D:2: 866 daAuts
 Abyss:1: 78 daAuts
